Map: King's Cove LE

Players

Scarlett

  • Race: Zerg Zerg
  • Spawn Location: 11:00

uThermal - Winner!

  • Race: Terran Terran
  • Spawn Location: 5:00

Event: IEM Season 13: Katowice (2019)

VOD

Have the link to the VOD?

Description

Time

  • Played on: March 1, 2019, 1:26 p.m.
  • Length: 11:19

All games in this series

Show
View Real Time Build Order
Export as new Build Order

Scarlett Zerg 

Build Orders: Hatch First 

Get SALT Encoding   

  12  0:00  Drone  
  13  0:13  Overlord  
  13  0:18  Drone  
  14  0:32  Drone x2  
  16  0:49  Hatchery  
  15  0:52  Drone  
  15  0:56  Drone  
  17  0:59  Drone  
  18  1:10  Extractor  
  17  1:15  Spawning Pool  
  17  1:18  Drone  
  17  1:21  Drone  
  18  1:29  Drone  
  19  1:40  Drone  
  20  1:51  Drone  
  21  2:01  Queen x2  
  21  2:03  Zergling x4  
  27  2:15  Overlord  
  27  2:22  Hatchery  
  26  2:25  Drone  
  26  2:28  Drone  
  28  2:34  Metabolic Boost  
  28  2:40  Drone x2  
  30  2:44  Drone  
  30  2:49  Overlord, Drone  
  32  2:57  Queen  
  34  3:01  Drone  
  34  3:04  Drone  
  36  3:09  Drone x3  
  36  3:11  Drone  
  40  3:13  Drone  
  40  3:16  Drone  
  40  3:19  Overlord  
  42  3:26  Queen  
  44  3:36  Queen  
  44  3:37  Drone  
  44  3:39  Drone x3  
  50  3:43  Drone x2  
  50  3:47  Drone x2  
  54  3:50  Overlord  
  54  3:55  Drone  
  55  3:56  Queen  
  55  3:59  Overlord  
  57  4:07  Queen, Overlord  
  57  4:09  Drone  
  60  4:10  Drone  
  60  4:13  Drone x2  
  63  4:17  Lair  
  63  4:19  Drone  
  64  4:29  Zergling x12  
  64  4:42  Drone x5  
  69  4:46  Drone x3  
  69  4:47  Baneling Nest  
  69  4:48  Roach Warren  
  69  4:52  Drone  
  72  4:53  Spore Crawler  
  72  4:54  Spore Crawler  
  70  5:00  Drone x4  
  70  5:05  Extractor  
  70  5:08  Zergling x4  
  73  5:15  Overlord  
  73  5:18  Zergling x2  
  73  5:23  Zergling x2  
  73  5:24  Zergling x8  
  73  5:27  Drone x2  
  73  5:31  Drone x4  
  69  5:36  Drone  
  69  5:37  Drone  
  69  5:43  Drone x4  
  69  5:47  Drone x2  
  69  5:49  Extractor  
  74  5:50  Extractor  
  74  5:52  Overseer  
  74  5:53  Drone  
  75  5:57  Drone  
  75  5:58  Evolution Chamber  
  75  5:59  Drone x2  
  75  6:00  Evolution Chamber, Hatchery  
  75  6:02  Drone x2  
  75  6:03  Drone  
  77  6:06  Drone  
  77  6:07  Drone  
  79  6:15  Drone x6  
  85  6:19  Overlord  
  85  6:20  Drone  
  86  6:27  Zerg Ground Armor Level 1, Zerg Melee Weapons Level 1  
  86  6:30  Drone x2  
  86  6:31  Baneling Nest  
  87  6:33  Extractor  
  87  6:34  Extractor, Overlord  
  87  6:38  Drone x3  
  88  6:40  Drone x2  
  88  6:44  Drone x3  
  93  6:47  Drone x3  
  93  6:50  Overlord  
  96  6:56  Roach  
  96  7:00  Roach  
  96  7:01  Roach x2  
  104  7:02  Overlord x2  
  104  7:09  Infestation Pit  
  104  7:10  Roach x2, Zergling x6  
  104  7:15  Centrifical Hooks  
  110  7:23  Hatchery  
  110  7:26  Ravager x4  
  110  7:28  Overlord  
  113  7:30  Drone x5  
  113  7:32  Ravager x2  
  120  7:48  Baneling x3  
  120  7:52  Overlord  
  120  7:55  Drone x2  
  120  7:56  Drone x2  
  124  7:58  Zergling x2  
  124  7:59  Overlord, Zergling x18  
  134  8:11  Hive  
  134  8:13  Baneling x8  
  134  8:14  Overlord  
  134  8:19  Drone x2  
  136  8:26  Zerg Ground Armor Level 2, Zerg Melee Weapons Level 2  
  136  8:30  Hatchery  
  132  8:41  Overlord x4  
  132  8:42  Overlord  
  132  8:43  Zergling x38  
  132  8:46  Drone x3  
  141  9:05  Hatchery  
  141  9:07  Extractor  
  141  9:08  Spire  
  138  9:15  Overlord  
  138  9:21  Drone  
  138  9:22  Spine Crawler, Spore Crawler, Drone x2  
  138  9:23  Adrenal Glands, Spore Crawler  
  138  9:26  Ultralisk Cavern, Zergling x26  
  138  9:30  Baneling x15  
  152  9:32  Overseer  
  152  9:35  Zergling x8  
  153  9:39  Zergling x8  
  153  9:41  Baneling  
  153  9:44  Zergling x8  
  158  9:46  Zergling x4  
  158  9:48  Viper  
  158  9:50  Viper  
  158  9:52  Extractor  
  164  9:55  Zergling x14  
  172  10:00  Zergling x8  
  172  10:07  Zergling x8  
  142  10:26  Zergling x20, Ultralisk  
  142  10:27  Zergling x10  
  143  10:32  Zergling x12, Baneling  
  131  10:44  Zergling x16  
  131  10:48  Baneling  
  131  10:49  Zergling x6, Baneling x7  
  133  10:52  Zergling x2  
  127  11:01  Zergling x2  
  127  11:02  Zergling x12  
Show
View Real Time Build Order
Export as new Build Order

uThermal Terran - Winner!

Build Orders: Gas First Reaper Expand, Liberator Opening 

Get SALT Encoding   

  12  0:01  SCV  
  13  0:13  SCV  
  14  0:17  Supply Depot  
  14  0:25  SCV  
  15  0:28  Refinery  
  15  0:39  SCV  
  16  0:45  Barracks  
  16  0:51  SCV  
  17  1:03  SCV  
  18  1:15  SCV  
  19  1:32  Reaper, Orbital Command  
  20  1:44  Command Center  
  20  1:55  Factory  
  20  1:58  SCV  
  21  2:06  Barracks Reactor  
  21  2:11  SCV  
  21  2:14  Supply Depot  
  22  2:23  SCV  
  22  2:24  Refinery  
  23  2:36  SCV  
  24  2:39  Hellion  
  24  2:43  Starport  
  26  2:45  Marine x2  
  26  2:48  SCV  
  29  2:57  Orbital Command  
  29  3:00  SCV  
  29  3:01  Widow Mine  
  29  3:03  Marine  
  33  3:06  Marine  
  33  3:12  SCV  
  35  3:19  Medivac  
  37  3:20  Marine  
  37  3:22  SCV  
  37  3:24  Marine  
  37  3:26  SCV  
  41  3:28  Factory Tech Lab  
  41  3:33  Supply Depot  
  41  3:36  SCV  
  41  3:37  Liberator  
  41  3:38  SCV  
  43  3:48  SCV  
  43  3:53  Hellion  
  43  3:55  Hellion  
  51  3:57  SCV  
  51  3:58  Supply Depot  
  51  4:00  SCV  
  53  4:03  Stimpack, Marine  
  54  4:13  Supply Depot  
  54  4:20  SCV x2, Hellion x2  
  60  4:32  SCV x2  
  60  4:36  Supply Depot  
  62  4:42  Starport Reactor  
  62  4:43  Marine  
  62  4:44  SCV x2  
  63  4:49  Command Center  
  63  4:52  Factory Tech Lab  
  63  4:56  SCV  
  64  5:00  Marine  
  64  5:03  SCV  
  64  5:04  Barracks x2  
  66  5:08  SCV  
  67  5:15  SCV  
  67  5:16  Siege Tank  
  67  5:18  Marine  
  67  5:20  SCV  
  72  5:27  SCV  
  67  5:32  SCV  
  67  5:33  Engineering Bay  
  67  5:34  Engineering Bay  
  57  5:39  SCV  
  57  5:41  Refinery  
  54  5:43  Refinery, Marine  
  54  5:45  SCV  
  54  5:46  Starport Reactor  
  54  5:48  Siege Tank  
  59  5:51  SCV  
  59  5:52  Marine  
  59  5:53  Marine  
  59  5:55  Supply Depot  
  59  5:57  SCV  
  63  6:00  Terran Infantry Armor Level 1, Terran Infantry Weapons Level 1  
  63  6:02  Orbital Command  
  63  6:03  SCV  
  64  6:04  Marine x3  
  64  6:09  SCV  
  64  6:10  Marine  
  69  6:12  Marine  
  69  6:16  SCV  
  71  6:19  Combat Shield  
  71  6:21  SCV  
  71  6:22  Marine  
  71  6:24  Medivac  
  74  6:25  Barracks  
  74  6:26  Barracks  
  74  6:29  SCV, Medivac  
  74  6:31  Orbital Command  
  77  6:33  SCV  
  77  6:34  Marine x2  
  77  6:35  Marauder  
  77  6:38  Supply Depot  
  82  6:41  SCV, Marine  
  82  6:42  Marine  
  82  6:46  SCV  
  86  6:51  Factory Reactor  
  86  6:52  Armory, Marine  
  87  6:54  Medivac  
  87  6:56  Marauder  
  87  6:57  SCV, Supply Depot  
  87  6:58  SCV, Marine  
  87  7:00  Medivac  
  96  7:03  SCV  
  96  7:05  Marine  
  98  7:09  Supply Depot  
  98  7:10  Marine  
  98  7:12  SCV x2  
  98  7:15  Concussive Shells, Barracks Reactor  
  101  7:16  Marine  
  101  7:18  Marauder, SCV  
  105  7:23  Supply Depot, Marine x2  
  105  7:25  Medivac  
  105  7:29  Marine  
  112  7:30  Widow Mine  
  112  7:31  Widow Mine, Supply Depot  
  112  7:35  Marine  
  112  7:36  Supply Depot  
  115  7:45  Marine x2  
  115  7:46  Marauder  
  115  7:49  Marine x2  
  115  7:51  Widow Mine, Supply Depot  
  122  7:53  Widow Mine  
  122  7:57  Terran Infantry Weapons Level 2  
  122  8:07  Marine  
  122  8:08  Marauder  
  122  8:10  Command Center, Marine  
  122  8:12  Medivac  
  128  8:15  Marauder, Marine  
  128  8:18  Marine, Supply Depot  
  128  8:19  Marine  
  135  8:23  Terran Infantry Armor Level 2  
  135  8:25  Widow Mine  
  135  8:29  Marauder  
  135  8:32  Widow Mine  
  138  8:36  Marine  
  138  8:37  Marauder  
  141  8:42  Medivac  
  141  8:44  Marine x4  
  141  8:46  Widow Mine  
  144  8:50  Marine  
  144  8:51  Marauder  
  144  8:53  SCV x3, Marine  
  144  8:55  Medivac  
  153  8:58  Marine  
  153  9:01  Marine x2  
  153  9:02  Marine  
  157  9:03  Widow Mine  
  157  9:05  SCV  
  157  9:09  Widow Mine, Supply Depot  
  162  9:12  Supply Depot, Marine x2  
  162  9:16  Supply Depot  
  164  9:18  Missile Turret x2  
  164  9:19  Missile Turret  
  164  9:20  Missile Turret, SCV  
  164  9:21  Medivac  
  164  9:22  Marine  
  164  9:23  Planetary Fortress  
  168  9:26  SCV  
  168  9:29  SCV  
  168  9:30  Marauder, Marine x2  
  174  9:34  Marauder  
  174  9:38  Medivac, Marine  
  167  9:39  Marine x2  
  167  9:42  Widow Mine  
  169  9:45  Marine  
  169  9:46  Widow Mine  
  169  9:47  Marine  
  173  9:59  Marine x4  
  171  10:00  Marauder  
  171  10:03  Widow Mine  
  171  10:05  Barracks x2  
  171  10:06  Barracks  
  174  10:08  Marine  
  174  10:10  Medivac  
  177  10:21  Marauder, Medivac, Marine x3  
  149  10:24  Marine  
  149  10:26  Marine  
  149  10:27  Marine  
  141  10:31  Marine  
  141  10:33  Widow Mine  
  141  10:34  Command Center  
  144  10:38  Widow Mine  
  144  10:39  Marine x3  
  144  10:40  Medivac  
  144  10:41  Marine  
  150  10:42  Marine  
  150  10:48  Marine  
  150  10:49  Marine  
  151  10:50  Marine  
  151  10:51  Marine  
  151  10:54  Marine  
  151  10:55  Widow Mine  
  158  11:00  Marine x2  

Tags
 
Add a new tag
Caveats
  • Supply blocks, unpowered buildings, or Contaminate may cause inaccurate times.
  • Supply counts are checked every 10 seconds.